 Dungeon Sprint DCSS version 0.26.1-10-gdfb7c7de75 (webtiles) character file.

Game seed: 3821389878518687055

179 phalm the Ruffian (level 5, -5/32 HPs)
             Began as a Vine Stalker Berserker on Apr 8, 2021.
             Was a Priest of Trog.
             Killed from afar by a deep elf mage (15 damage)
             ... with a bolt of lightning
             ... in the Dungeon (Sprint III: "The Ten Rune Challenge").
             The game lasted 00:02:18 (371 turns).

phalm the Ruffian (Vine Stalker Berserker)           Turns: 371, Time: 00:02:19

Health: -5/32      AC:  2    Str: 20    XL:     5   Next: 59%
Magic:  0/6        EV: 14    Int:  7    God:    Trog [***...]
Gold:   38         SH:  0    Dex: 14    Spells: 4/4 levels left

rFire    . . .     SeeInvis .     - Unarmed
rCold    . . .     Faith    .   (no shield)
rNeg     . . .     Spirit   +   a - +0 animal skin
rPois    .         Reflect  .   (helmet restricted)
rElec    .         Harm     .   (no cloak)
rCorr    .         Rampage  .   (no gloves)
Will     ++...     NoTele   +   (no boots)
Stlth    +.........             (no amulet)
HPRegen  1.50/turn              (no ring)
MPRegen  0.10/turn              (no ring)

@: berserk cooldown, regenerating, hasted, very quick
A: antennae 1, fangs 2, sense surroundings 1, regeneration 1, magic shield,
antimagic bite, no potion heal 3, MP-powered wands
a: Renounce Religion, Berserk, Trog's Hand


You were in the Dungeon.
You worshipped Trog.
Trog was most pleased with you.
You visited 1 branch You collected 38 gold pieces.

Inventory:

Armour
 a - a +0 animal skin (worn)
Scrolls
 f - a scroll of blinking
 h - a scroll of torment
 j - 4 scrolls of remove curse
 l - a scroll of holy word
Potions
 b - a potion of curing
 d - 2 potions of magic
 e - a potion of berserk rage
 k - 3 potions of flight
 m - a potion of lignification {unknown}


   Skills:
 + Level 5.6 Fighting
 + Level 4.7 Armour
 + Level 4.8 Dodging
 + Level 6.2 Unarmed Combat


You had 4 spell levels left.
You didn't know any spells.
Your spell library was empty.

Dungeon Overview and Level Annotations

Branches:
Dungeon (1/1)

Altars:
Elyvilon
Kikubaaqudgha
Sif Muna
Vehumet
Zin
The Shining One


Innate Abilities, Weirdness & Mutations

You have extremely sharp teeth.
Your natural rate of healing is unusually fast.
When hurt, damage is shared between your health and your magic reserves.
Your bite disrupts and absorbs the magic of your enemies.
Potions cannot restore your health.
You have a pair of small antennae on your head.
You passively map a small area around you.
You expend magic power (3 MP) to strengthen your wands.


Message History

The deep elf mage is healed!
You closely miss the deep elf mage.
The deep elf mage is moderately wounded.
The deep elf mage closely misses you.
You hit the deep elf mage. You bite the deep elf mage.
The deep elf mage's magic leaks into the air.
You drain its magic.
You feel invigorated.
The deep elf mage is heavily wounded.
You hit the deep elf mage. You bite the deep elf mage.
The deep elf mage's magic leaks into the air.
You drain its magic.
You feel invigorated.
The deep elf mage is heavily wounded.
The deep elf mage falters for a moment.
You punch the deep elf mage! Your bite misses the deep elf mage.
The deep elf mage is severely wounded.
You barely miss the deep elf mage. Your bite misses the deep elf mage.
The deep elf mage is severely wounded.
The deep elf mage points at you and mumbles some strange words.
The bolt of lightning hits you!!
You die...

▓▓▓▓▓ ▓▓▓ '...♣♣♣♣ ♣.####
* * #......♣ ♣♣.#___ _
#.....♣♣ ♣..#...
#....≈.♣♣♣♣.###e#+###+##
#...≈≈.♣....#...@......#
,,
#..≈≈≈≈♣♣♣..'.)........#,
#..≈≈≈≈≈≈♣♣!#...######+#
#.≈≈≈≈≈≈....#.⌠.# _
#.≈≈≈≈≈.....#...#_ ≈
#.≈≈≈.......#'###_ *
#...........#.).#{ , ,
......†.....#___# ,
▓▓▓▓▓▓▓▓▓▓▓▓▓▓▓▓▓***** *


You could see a deep elf mage.

Vanquished Creatures
  A water elemental (D)
  A scorpion (D)
  A wizard (D)
  A human (D)
  A kobold demonologist (D)
  An ooze (D)
  3 rats (D)
9 creatures vanquished.

Notes
Turn   | Place    | Note
-------+----------+-------------------------------------------
     0 | D        | phalm the Vine Stalker Berserker began the quest for the
                  | Orb.
     0 | D        | Reached XP level 1. HP: 11/11 MP: 2/2
    69 | D        | Reached ** piety under Trog
    74 | D        | Reached XP level 2. HP: 13/16 MP: 3/3
   127 | D        | Noticed a scorpion
   140 | D        | Killed a scorpion
   141 | D        | Reached skill level 4 in Unarmed Combat
   141 | D        | Reached XP level 3. HP: 21/21 MP: 4/4
   192 | D        | Gained mutation: Your natural rate of healing is unusually
                  | fast. [Vine Stalker growth]
   192 | D        | Reached XP level 4. HP: 13/26 MP: 3/5
   226 | D        | Noticed a water elemental
   231 | D        | Killed a water elemental
   231 | D        | Reached *** piety under Trog
   232 | D        | Reached skill level 5 in Fighting
   232 | D        | Reached skill level 5 in Unarmed Combat
   232 | D        | Reached XP level 5. HP: 30/30 MP: 3/6
   298 | D        | Gained mutation: You have a pair of small antennae on your
                  | head. [potion of mutation]
   298 | D        | Gained mutation: You expend magic power (3 MP) to
                  | strengthen your wands. [potion of mutation]
   298 | D        | Gained mutation: You passively map a small area around you.
                  | [potion of mutation]
   322 | D        | Found a radiant altar of Vehumet.
   322 | D        | Found a shimmering blue altar of Sif Muna.
   322 | D        | Found an ancient bone altar of Kikubaaqudgha.
   337 | D        | Reached skill level 6 in Unarmed Combat
   355 | D        | Found a glowing silver altar of Zin.
   355 | D        | Found a glowing golden altar of the Shining One.
   355 | D        | Found a white marble altar of Elyvilon.
   355 | D        | Noticed a deep elf mage
   371 | D        | Killed from afar by a deep elf mage

Illustrated notes

Levels and vault maps discovered:
D:        dungeon_sprint_mu [sprint_mu_entry_forest, sprint_mu_temple_rooms,
          sprint_mu_d1_horrors, sprint_mu_d2_genie, sprint_mu_d3_branching,
          sprint_mu_orc_legion, sprint_mu_elf_gauntlet, sprint_mu_hive_nellie,
          sprint_mu_lair_fedhas, sprint_mu_vaults_butterflies,
          sprint_mu_slime_circle, sprint_mu_swamp_cave, sprint_mu_shoals_archi,
          sprint_mu_blade_basic, sprint_mu_crypt_fortress,
          sprint_mu_tomb_spiral, sprint_mu_vestibule_basic,
          sprint_mu_gehenna_hellfire, sprint_mu_dis_giant,
          sprint_mu_tartarus_statrot, sprint_mu_cocytus_islands, sprint_mu_zot1]

Skill      XL: |  1  2  3  4  5 |
---------------+----------------+-----
Fighting       | 3 4 5 |  5.6
Armour         | 2 3 4 |  4.7
Dodging        | 2 3 4 |  4.8
Unarmed Combat | 4 5 6 |  6.2

Action                   |  1- 3 |  4- 6 || total
-------------------------+-------+-------++-------
Melee: Unarmed           |    25 |    25 ||    50
       Bite              |     5 |     7 ||    12
       Punch             |     1 |     2 ||     3
Invok: Berserk           |     2 |     2 ||     4
       Trog's Hand       |       |     2 ||     2
  Use: Scroll            |       |     3 ||     3
       Potion            |       |     2 ||     2
Armor: Animal skin       |     1 |       ||     1
Dodge: Dodged            |    15 |     8 ||    23
